 Dungeon Crawl Stone Soup version 0.24-a0-284-g9fb9971 (webtiles) character file.

Game seed: 6727379765497673466

2195 Ds27 the Chopper (level 9, -3/103 HPs)
             Began as a Demonspawn Berserker on May 4, 2019.
             Was a Priest of Trog.
             Slain by a green ugly thing (6 damage)
             ... on level 6 of the Dungeon.
             The game lasted 00:09:23 (6825 turns).

Ds27 the Chopper (Demonspawn Berserker)             Turns: 6825, Time: 00:09:25

Health: -3/103     AC: 12    Str: 26    XL:     9   Next: 12%
Magic:  9/9        EV:  9    Int:  9    God:    Trog [***...]
Gold:   303        SH:  0    Dex: 12    Spells: 8/8 levels left

rFire    . . .     SeeInvis .   B - +0 war axe
rCold    . . .     Gourm    .   (no shield)
rNeg     . . .     Faith    .   a - +0 plate armour
rPois    .         Spirit   .   (helmet restricted)
rElec    .         Reflect  .   (no cloak)
rCorr    .         Harm     .   (no gloves)
MR       ++...                  (no boots)
Stlth    ..........             (no amulet)
HPRegen  1.27/turn              (no ring)
MPRegen  0.11/turn              (no ring)

@: berserking, lethally poisoned (-3 -> -5), barbed spikes, regenerating, very
quick
A: horns 2, foul stench 1, powered by death 1, rot immunity
a: Berserk, Trog's Hand, Renounce Religion


You were on level 6 of the Dungeon.
You worshipped Trog.
Trog was most pleased with you.
You were very hungry.

You visited 1 branch of the dungeon, and saw 6 of its levels.
You also visited: Sewer.

You collected 303 gold pieces.

Inventory:

Hand Weapons
 r - a +0 mace
 B - a +0 war axe (weapon)
Missiles
 z - 4 silver javelins (quivered)
Armour
 a - a +0 plate armour (worn)
Jewellery
 g - an uncursed amulet of harm {unknown}
 j - an uncursed ring of protection from cold {unknown}
Wands
 q - a wand of acid (5)
 t - a wand of disintegration (30)
Scrolls
 b - a scroll of teleportation {unknown}
 d - 4 scrolls of identify {unknown}
 e - 2 scrolls of remove curse {unknown}
 f - 4 scrolls of enchant weapon {unknown}
 i - a scroll of fog {unknown}
 k - a scroll of fear {unknown}
 o - a scroll of random uselessness {unknown}
 s - a scroll of noise {unknown}
 x - a scroll of immolation {unknown}
 y - a scroll of enchant armour {unknown}
Potions
 h - a potion of mutation {unknown}
 l - a potion of magic {unknown}
 m - a potion of curing {unknown}
 n - 5 potions of flight {unknown}
 u - a potion of brilliance {unknown}
 v - a potion of lignification {unknown}
Comestibles
 c - 12 rations
 A - 2 chunks of flesh


   Skills:
 + Level 6.1 Fighting
 * Level 7.5 Axes
 + Level 5.2 Armour
 + Level 5.1 Dodging


You had 8 spell levels left.
You didn't know any spells.
Your spell library was empty.

Dungeon Overview and Level Annotations

Branches:
Dungeon (6/15)             Temple (0/1) D:5

Altars:
Nemelex Xobeh
Okawaru


Innate Abilities, Weirdness & Mutations

You have a pair of horns on your head.
You may emit foul miasma when damaged in melee.
You regenerate a little health from kills.
You are immune to rotting.


Message History

* * * LOW HITPOINT WARNING * * *
The manticore claws you but does no damage. x2
The orc wizard casts a spell.
The orc wizard blinks!
You hit the green ugly thing.
The green ugly thing is moderately wounded.
You slash the manticore!
You kill the manticore!
Trog accepts your kill.
Your Fighting skill increases to level 6!
Your Armour skill increases to level 5!
Your Dodging skill increases to level 5!
You have reached level 9!
Your experience leads to an increase in your attributes!
Your base attributes are Str 20, Int 9, Dex 12.
Increase (S)trength, (I)ntelligence, or (D)exterity?
You feel stronger.
Your demonic ancestry asserts itself...
The horns on your head grow some more.
You feel sick. The green ugly thing gores you.
You die...

#...........####......##
#........#..............
#.....##########......##
#.....# #......# #.....#
#......# #.....#
##......# ####.##
#.......# #.#
########☼########
..§...u@)........
#.#.#.#.#.#.#?#.#
#.$..$$.# #########


You could see a green ugly thing.

Vanquished Creatures
  A manticore (D:6)
  Grinder (D:3)
  Prince Ribbit (D:6)
  An ice beast (D:5)
  2 ogres (D:4)
  A phantom (D:5)
  A centaur (D:5)
  A crocodile (Sewer)
  A water moccasin zombie (D:5)
  A scorpion (D:5)
  3 wights (D:6)
  A vampire bat (D:3)
  A bullfrog zombie (D:5)
  2 hounds
  3 orc priests
  4 orc wizards
  4 worker ants
  A killer bee zombie (D:5)
  A hound zombie (D:2)
  A worker ant zombie (D:5)
  Robin (D:3)
  3 gnolls (D:4)
  7 adders
  A shadow imp (D:5)
  An ooze (D:4)
  5 worms
  An adder skeleton (D:5)
  An adder zombie (D:5)
  2 dart slugs
  2 leopard geckos
  16 orcs
  5 hobgoblins
  10 jackals
  A quokka (D:3)
  3 ball pythons
  11 bats
  8 frilled lizards
  19 goblins
  A jackal skeleton (D:6)
  7 kobolds
  A quokka zombie (D:5)
  4 rats
142 creatures vanquished.

Vanquished Creatures (others)
  An iguana (D:6)
  A goblin (D:3)
  5 fungi (D:5)
7 creatures vanquished.

Grand Total: 149 creatures vanquished

Notes
Turn   | Place    | Note
-------+----------+-------------------------------------------
     0 | D:1      | Ds27 the Demonspawn Berserker began the quest for the Orb.
     0 | D:1      | Reached XP level 1. HP: 18/18 MP: 1/1
   243 | D:1      | Gained mutation: You regenerate a little health from kills.
                  | [demonic ancestry]
   243 | D:1      | Reached XP level 2. HP: 22/24 MP: 2/2
   405 | D:1      | Reached skill level 3 in Axes
  1467 | D:2      | Reached ** piety under Trog
  1467 | D:2      | Gained mutation: You are immune to rotting. [demonic
                  | ancestry]
  1467 | D:2      | Reached XP level 3. HP: 29/29 MP: 3/3
  1771 | D:2      | Found an iron altar of Okawaru.
  2209 | D:3      | Reached XP level 4. HP: 32/35 MP: 4/4
  2259 | D:3      | Found a glowing drain.
  2497 | Sewer    | Entered a sewer
  2593 | Sewer    | Noticed a crocodile
  2602 | Sewer    | Killed a crocodile
  2602 | Sewer    | Reached XP level 5. HP: 42/42 MP: 5/5
  2722 | D:3      | Noticed Robin
  2723 | D:3      | Reached skill level 4 in Axes
  2757 | D:3      | Killed Robin
  2878 | D:3      | Noticed Grinder
  2892 | D:3      | Killed Grinder
  2892 | D:3      | Gained mutation: You may emit foul miasma when damaged in
                  | melee. [demonic ancestry]
  2892 | D:3      | Reached XP level 6. HP: 48/48 MP: 6/6
  2938 | D:3      | Found a sparkling altar of Nemelex Xobeh.
  3418 | D:3      | Reached *** piety under Trog
  4281 | D:4      | Reached skill level 5 in Axes
  4420 | D:4      | Reached XP level 7. HP: 40/55 MP: 7/7
  5202 | D:5      | Entered Level 5 of the Dungeon
  5363 | D:5      | Reached skill level 5 in Fighting
  5546 | D:5      | Reached skill level 6 in Axes
  5546 | D:5      | Gained mutation: You have a pair of small horns on your
                  | head. [demonic ancestry]
  5546 | D:5      | Reached XP level 8. HP: 58/62 MP: 8/8
  6152 | D:5      | Found a staircase to the Ecumenical Temple.
  6312 | D:5      | Reached **** piety under Trog
  6583 | D:6      | Received a gift from Trog
  6753 | D:6      | Noticed Prince Ribbit
  6759 | D:6      | Killed Prince Ribbit
  6759 | D:6      | Reached skill level 7 in Axes
  6809 | D:6      | Noticed a manticore
  6815 | D:6      | Noticed a green ugly thing
  6824 | D:6      | HP: 3/96 [manticore (10)]
  6825 | D:6      | Killed a manticore
  6825 | D:6      | Reached skill level 5 in Armour
  6825 | D:6      | Reached skill level 5 in Dodging
  6825 | D:6      | Gained mutation: You have a pair of horns on your head.
                  | [demonic ancestry]
  6825 | D:6      | Reached XP level 9. HP: 3/69 MP: 9/9
  6825 | D:6      | Slain by a green ugly thing

Levels and vault maps discovered:
D:1:      dpeg_arrival_three_bigger_balls, layout_loops_ring
D:2:      layout_basic, old_standard_altar
D:3:      layout_basic, cheibrodos_sewer_entry_bend, first_ration,
          roderic_batcave, nemelex_lonely_heart_becter, uniq_grinder, uniq_robin
D:4:      layout_loops_ring
D:5:      layout_basic, minmay_temple_entry_trees, serial_aquarium,
          aquarium_bridge_square [aquarium_subvault_wall,
          aquarium_subvault_bridge, aquarium_subvault_window,
          aquarium_subvault_wall], aquarium_window_1, aquarium_window_1,
          aquarium_window_fake, aquarium_window_fake, aquarium_view_2e
D:6:      layout_rooms, chequers_serial_rivers_room_a,
          hangedman_minor_gate_pass, uniq_prince_ribbit1, uniq_menkaure

Skill      XL: |  1  2  3  4  5  6  7  8 |
---------------+-------------------------+-----
Armour         | 2 3 4 5 |  5.2
Axes           | 3 4 5 6 7 |  7.5
Dodging        | 2 3 4 5 |  5.1
Fighting       | 4 5 6 |  6.1

Action                   |  1- 3 |  4- 6 |  7- 9 || total
-------------------------+-------+-------+-------++-------
Melee: Hand axe          |   106 |   157 |   182 ||   445
       War axe           |       |       |    30 ||    30
       Headbutt          |       |       |    24 ||    24
Invok: Berserk           |     4 |     7 |     9 ||    20
       Trog's Hand       |       |     1 |     3 ||     4
Evoke: Wand              |       |       |     2 ||     2
 Stab: Sleeping          |     1 |       |       ||     1
  Eat: Chunk             |     5 |    14 |    12 ||    31
       Ration            |     1 |       |     1 ||     2
Armor: Animal skin       |    25 |    32 |     2 ||    59
       Ring mail         |       |       |    56 ||    56
       Plate armour      |       |       |    12 ||    12
Dodge: Dodged            |    70 |   119 |   115 ||   304

Table legend:
 A = Non-vault XP
 B = Vault XP
 C = Vault XP percentage of total XP
 D = Non-vault monster count
 E = Vault monster count
 F = Vault count percentage of total count
                 A         B        C        D         E       F
            +---------+---------+-------+---------+---------+-------
      Total |    1840 |    1297 |  41.3 |     110 |      33 |  23.1
            +---------+---------+-------+---------+---------+-------
        D:1 |      34 |       0 |   0.0 |      23 |       0 |   0.0
        D:2 |      62 |       0 |   0.0 |      13 |       0 |   0.0
        D:3 |      37 |     365 |  90.8 |      12 |      22 |  64.7
        D:4 |     588 |       0 |   0.0 |      20 |       0 |   0.0
        D:5 |     871 |       0 |   0.0 |      33 |       0 |   0.0
        D:6 |     248 |     822 |  76.8 |       9 |       5 |  35.7
      Sewer |       0 |     110 | 100.0 |       0 |       6 | 100.0
            +---------+---------+-------+---------+---------+-------
